Map: Arctic Flowers LE

Players

Tanaris

  • Race: Protoss Protoss
  • Spawn Location: 1:00

Halrook

  • Race: Terran Terran
  • League: Platinum
  • Spawn Location: 1:00

Ekelpack - Winner!

  • Race: Zerg Zerg
  • Spawn Location: 7:00

Nyck - Winner!

  • Race: Terran Terran
  • Spawn Location: 7:00

VOD

Have the link to the VOD?

Description

Time

  • Played on: April 15, 2025, 12:51 p.m.
  • Length: 26:27
Show
View Real Time Build Order
Export as new Build Order

Tanaris Protoss 

Build Orders: Zealot Archon, Dark Templar Rush 

Get SALT Encoding   

  12  0:00  Probe  
  13  0:15  Pylon  
  13  0:21  Probe  
  14  0:34  Probe  
  14  0:35  Gateway  
  14  0:42  Probe  
  15  0:44  Assimilator  
  16  0:51  Probe  
  16  0:52  Assimilator  
  17  0:59  Probe  
  18  1:07  Probe  
  18  1:17  Probe  
  19  1:22  Cybernetics Core  
  20  1:26  Pylon  
  20  1:30  Probe  
  21  1:42  Probe  
  22  1:54  Probe  
  23  1:59  Stalker  
  23  2:00  Warp Gate, Twilight Council  
  25  2:31  Gateway  
  25  2:34  Gateway  
  25  2:37  Dark Shrine  
  25  2:40  Gateway  
  25  3:18  Pylon  
  25  3:47  Nexus  
  25  3:50  Dark Templar x3  
  31  3:57  Dark Templar  
  33  4:17  Stalker  
  35  4:24  Stalker  
  35  4:27  Stalker  
  39  4:58  Stalker  
  39  4:59  Stalker x2  
  43  5:01  Charge  
  43  5:17  Zealot  
  45  5:25  Probe x2  
  47  5:29  Pylon  
  47  5:31  Archon  
  47  5:37  Probe  
  48  5:59  Zealot x4  
  56  6:04  Probe  
  56  6:05  Probe  
  56  6:09  Assimilator  
  58  6:13  Probe x2  
  58  6:15  Assimilator  
  60  6:21  Probe x2  
  62  6:27  Forge  
  62  6:33  Pylon  
  62  6:40  Protoss Ground Armor Level 1  
  62  6:42  Pylon  
  62  6:51  Probe x2  
  64  7:03  Probe  
  64  7:06  Photon Cannon  
  65  7:09  Photon Cannon  
  65  7:10  Shield Battery  
  65  7:31  Pylon  
  65  7:34  Nexus  
  65  7:37  Pylon  
  65  7:41  Zealot x3  
  71  7:53  Probe  
  72  8:02  Shield Battery  
  72  8:04  Photon Cannon  
  70  9:07  Protoss Ground Weapons Level 1  
  66  9:10  Blink  
  62  9:23  Stalker x3  
  62  9:24  Stalker  
  70  9:27  Forge  
  70  9:33  Templar Archives  
  70  9:44  Probe x2  
  70  9:45  Probe  
  73  9:53  Probe  
  73  9:56  Probe x2  
  76  10:02  Probe  
  76  10:06  Psionic Storm  
  77  10:08  Probe  
  77  10:14  Protoss Ground Armor Level 2, Probe  
  78  10:20  Probe  
  80  10:27  Probe  
  81  10:31  High Templar  
  81  10:32  High Templar  
  85  10:42  Nexus  
  85  10:44  Pylon  
  85  10:47  Pylon  
  85  10:49  Assimilator  
  83  10:53  Assimilator  
  83  11:07  Protoss Ground Weapons Level 2  
  83  11:11  Gateway  
  83  11:13  Gateway  
  83  11:15  Gateway  
  83  11:17  Gateway  
  83  11:18  Stalker x2  
  85  11:19  Stalker x2  
  91  11:28  Pylon  
  91  11:36  Photon Cannon  
  91  11:39  Photon Cannon  
  91  11:42  Probe, Photon Cannon  
  91  11:43  Probe x2  
  91  11:46  Assimilator  
  94  11:50  Assimilator  
  94  11:51  Pylon  
  94  11:54  Probe, Photon Cannon  
  94  11:55  Probe x2, Photon Cannon  
  94  11:57  Pylon  
  94  11:58  Shield Battery  
  97  12:06  Probe  
  97  12:07  Probe x2  
  88  12:19  Probe x2  
  40  12:40  Stalker x3  
  40  12:41  Stalker x2  
  40  12:43  High Templar  
  40  12:44  High Templar  
  54  12:45  High Templar  
  56  13:08  Stalker x3, Protoss Ground Armor Level 3  
  56  13:09  Stalker x2  
  66  13:25  Stalker  
  66  13:26  Stalker x2  
  72  13:39  Nexus  
  72  13:41  Pylon  
  72  13:42  Stalker  
  72  13:43  Stalker x2  
  72  13:44  Stalker, Pylon  
  72  13:46  High Templar  
  58  15:01  Stalker  
  58  15:02  Stalker x3  
  58  15:04  Sentry  
  68  15:12  High Templar  
  70  15:30  Assimilator  
  70  15:31  Protoss Ground Weapons Level 3  
  70  15:33  Assimilator  
  70  15:35  High Templar  
  70  15:37  High Templar  
  74  15:45  Stalker x2  
  74  15:46  Stalker x2  
  74  15:47  Stalker x2  
  86  15:52  Protoss Shields Level 1  
  86  16:13  Stalker x3  
  86  16:14  Stalker x3, Nexus  
  86  16:15  Stalker x2  
  86  16:16  Pylon  
  86  16:17  Pylon  
  102  16:20  Pylon  
  101  17:01  Nexus  
  101  17:03  Pylon, Dark Templar x2  
  101  17:04  Pylon, Dark Templar  
  107  17:09  High Templar  
  107  17:10  High Templar  
  107  17:12  High Templar  
  113  17:21  Robotics Facility  
  113  17:22  Robotics Facility  
  113  17:25  Photon Cannon  
  113  17:27  Photon Cannon  
  113  17:28  Photon Cannon  
  113  17:30  Shield Battery  
  113  17:32  Stalker x2, Pylon  
  117  17:41  Stalker  
  117  17:42  Stalker  
  121  17:56  Probe  
  122  18:06  Stargate  
  122  18:07  Stargate  
  122  18:08  Stalker x2  
  122  18:09  Stalker x3, Probe  
  122  18:10  Stalker  
  135  18:21  Probe  
  96  19:56  Immortal x2  
  50  20:36  Probe x2  
  50  20:37  Probe x2  
  62  20:44  Immortal x2  
  62  20:45  Stalker x3  
  62  20:46  Stalker x2, Void Ray x2  
  62  20:48  Probe, High Templar  
  62  20:49  High Templar, Probe x2  
  87  20:50  High Templar  
  87  20:54  Protoss Shields Level 2  
  89  21:09  Stalker x3  
  89  21:10  Stalker x2  
  99  21:26  Assimilator  
  99  21:28  Immortal x2  
  99  21:30  Stalker  
  99  21:31  Stalker x2  
  113  21:33  Stalker  
  69  22:36  Stalker  
  71  22:37  Stalker  
  71  22:38  Stalker x2  
  71  22:40  High Templar  
  71  22:41  High Templar  
  71  22:43  High Templar  
  83  23:21  Zealot  
  83  23:22  Zealot x4, Nexus  
  83  23:23  Zealot x3, Pylon  
  83  23:25  Pylon  
  99  23:27  Pylon  
  99  23:30  Immortal  
  99  23:31  Immortal  
  106  23:43  High Templar  
  106  23:45  High Templar  
  110  23:55  Stalker x4  
  116  23:58  High Templar  
  120  24:24  Nexus  
  120  24:25  Pylon  
  120  24:28  Pylon  
  120  24:31  Stalker x2  
  120  24:32  Stalker x3  
  120  24:33  Stalker x2  
  120  24:34  Stalker  
  136  24:38  Observer  
  136  24:39  Observer  
  47  25:40  Stalker  
  47  25:41  Stalker  
  47  25:42  Dark Templar x3  
  55  25:43  Dark Templar x2  
  55  25:44  Dark Templar  
Show
View Real Time Build Order
Export as new Build Order

Halrook Terran 

Build Orders: 2 Factory 

Get SALT Encoding   

  12  0:01  SCV  
  13  0:13  SCV  
  14  0:18  Supply Depot  
  14  0:25  SCV  
  15  0:40  SCV  
  15  0:42  Barracks  
  16  0:46  Refinery  
  16  0:51  Refinery  
  16  0:55  SCV  
  17  1:07  SCV  
  18  1:19  SCV  
  19  1:30  Reaper  
  19  1:31  SCV  
  21  1:40  Supply Depot  
  21  1:43  SCV  
  21  1:44  Factory  
  22  1:55  SCV  
  23  2:05  Factory  
  23  2:10  Orbital Command  
  23  2:16  Barracks Tech Lab  
  23  2:29  Supply Depot, Hellion  
  25  2:44  SCV  
  25  2:49  Factory Reactor  
  26  2:53  Hellion  
  28  3:10  Command Center  
  28  3:14  Hellion  
  28  3:16  SCV  
  31  3:23  Combat Shield  
  31  3:28  SCV, Hellion  
  34  3:39  Factory Tech Lab  
  34  3:40  SCV  
  35  3:52  SCV  
  36  3:56  Hellion  
  36  4:02  Hellion  
  40  4:05  Supply Depot  
  40  4:06  Reaper  
  41  4:13  SCV  
  42  4:17  Engineering Bay  
  42  4:20  Infernal Pre-Igniter  
  42  4:30  Supply Depot  
  42  4:33  Hellion  
  44  4:40  Hellion  
  46  4:47  Hellion  
  48  4:59  Hellion  
  50  5:02  Reaper  
  50  5:03  SCV  
  52  5:16  SCV  
  52  5:17  Siege Tank  
  57  5:25  Refinery  
  57  5:28  Planetary Fortress  
  56  5:37  Hellion  
  56  5:38  Hellion  
  60  5:49  Hellion  
  62  5:51  Reaper  
  63  5:59  Hellion  
  65  6:12  Command Center  
  65  6:17  Starport  
  65  6:18  SCV x2  
  65  6:23  Reaper  
  68  6:28  Missile Turret  
  68  6:30  SCV x2  
  68  6:32  Supply Depot  
  70  6:38  Siege Tank  
  73  6:47  Barracks  
  73  6:50  Factory Tech Lab  
  73  6:57  Missile Turret  
  73  7:01  SCV  
  73  7:02  SCV  
  75  7:11  Terran Infantry Weapons Level 1  
  75  7:19  Stimpack  
  75  7:27  Starport Reactor  
  75  7:32  Refinery  
  75  7:37  Planetary Fortress  
  75  7:41  Refinery  
  75  7:47  Starport  
  75  7:48  Starport  
  75  7:51  Fusion Core  
  75  7:56  Missile Turret, Refinery  
  75  8:07  Supply Depot  
  75  8:12  Barracks  
  75  8:14  Marine x3  
  75  8:16  Starport Tech Lab  
  75  8:17  SCV x2  
  80  8:28  Missile Turret  
  80  8:29  SCV x2  
  80  8:30  Supply Depot  
  80  8:34  Starport Tech Lab x2  
  80  8:57  Siege Tank x2  
  86  9:08  Supply Depot  
  84  9:16  Battlecruiser  
  80  9:17  Marine x2, Marauder  
  84  9:31  Supply Depot  
  84  9:32  SCV x2  
  84  9:33  SCV  
  87  9:39  Armory  
  87  9:44  SCV x2, Weapon Refit  
  89  9:53  Battlecruiser  
  95  10:01  SCV x2  
  97  10:07  Supply Depot  
  97  10:08  SCV  
  97  10:13  SCV x2  
  100  10:17  Missile Turret  
  100  10:20  SCV  
  101  10:27  Armory  
  101  10:29  Terran Vehicle And Ship Armor Level 1  
  101  10:30  SCV x2  
  101  10:32  SCV  
  104  10:37  Supply Depot  
  104  10:42  SCV x2  
  106  10:44  SCV, Battlecruiser  
  113  10:54  SCV  
  114  11:01  Supply Depot  
  114  11:05  Battlecruiser  
  120  11:16  Command Center  
  120  11:24  Refinery  
  120  11:25  Supply Depot, SCV  
  120  11:26  SCV, Refinery  
  122  11:34  Battlecruiser  
  122  11:39  Terran Ship Weapons Level 1  
  128  11:48  Supply Depot  
  128  11:52  Battlecruiser  
  134  12:10  Battlecruiser  
  138  12:38  Battlecruiser  
  144  12:56  Battlecruiser  
  143  13:14  Battlecruiser  
  136  13:29  Missile Turret  
  129  13:43  Battlecruiser  
  129  14:01  Battlecruiser  
  135  14:18  Battlecruiser  
  123  14:45  Siege Tank  
  120  14:47  Marine x5, Battlecruiser  
  120  14:50  SCV x2  
  133  14:55  Terran Vehicle And Ship Armor Level 2  
  133  15:04  Marine  
  133  15:05  Marine x2, Battlecruiser  
  133  15:06  Marine  
  133  15:07  Marine  
  144  15:22  Marine, Battlecruiser  
  144  15:23  Marine x2  
  144  15:24  Marine x2  
  144  15:26  Barracks  
  144  15:28  Barracks  
  155  15:36  Command Center  
  155  15:40  Marine  
  156  15:48  Terran Ship Weapons Level 2  
  156  15:51  Battlecruiser  
  156  15:54  Refinery  
  156  15:56  Siege Tank  
  165  15:57  Siege Tank  
  165  15:59  Refinery  
  168  16:25  Barracks Reactor  
  168  16:26  Barracks Reactor  
  168  16:35  Siege Tank  
  168  16:36  Siege Tank, Marine x4  
  168  16:37  Marine  
  179  16:52  Battlecruiser  
  185  16:54  Marine x2  
  187  17:02  Planetary Fortress  
  187  17:03  Marine x2  
  187  17:04  Marine x5  
  194  17:12  Marine  
  195  17:47  Command Center  
  195  17:48  Terran Vehicle And Ship Armor Level 3  
  195  17:49  Refinery  
  195  17:52  Refinery  
  195  18:09  SCV  
  196  18:18  Supply Depot  
  196  18:26  SCV  
  196  18:27  SCV x2  
  196  18:28  SCV  
  151  19:01  Battlecruiser x3, Marine x4  
  151  19:02  Marine  
  106  19:10  Marine x2  
  75  19:25  Marine  
  75  19:26  Marine  
  76  19:48  Marine x2  
  76  19:49  Marauder  
  76  19:50  Siege Tank  
  83  20:05  Battlecruiser  
  79  20:16  Marine x4  
  79  20:17  Marauder  
  79  20:19  Medivac  
  83  20:36  Planetary Fortress  
  83  20:38  Marauder  
  83  20:40  Marine  
  83  20:41  Marine x4  
  90  20:59  Marauder  
  90  21:03  Command Center  
  92  21:05  Siege Tank  
  95  21:14  Marine x3  
  95  21:15  Marine x3  
  101  21:23  SCV x3  
  104  21:25  Siege Tank  
  104  21:27  Marine x2  
  109  21:34  Medivac  
  109  21:35  Medivac  
  113  21:42  Terran Infantry Armor Level 1  
  96  21:57  Marine x3, Marauder  
  84  22:01  Marine  
  58  22:10  Marine x2  
  48  22:19  Marauder  
  48  22:21  Marine  
  46  22:27  Marine  
  34  22:38  Siege Tank  
  34  22:40  Marauder  
  39  23:09  Marine x4  
  39  23:10  Marine x3, Command Center, Marauder  
  39  23:11  Medivac x2  
  39  23:12  Siege Tank x2  
  58  23:13  Marine  
  59  23:27  Marine  
  59  23:31  Marauder  
  59  23:32  Marine x3  
  65  23:42  Medivac  
  65  23:44  Siege Tank  
  70  23:53  Marauder  
  72  23:58  Medivac  
  74  24:13  Siege Tank  
  74  24:14  SCV, Marauder  
  80  24:30  Planetary Fortress  
  80  24:34  Marine  
  81  24:39  SCV  
  82  24:52  Medivac  
  84  24:55  Marine x4  
  84  24:59  Marine x2  
  90  25:17  Marine x5  
  90  25:18  Marine x4  
  74  25:35  Marine  
  59  25:37  Marine x7  
  59  25:38  Marine  
  58  25:51  Medivac  
  58  25:52  Marine  
  58  25:55  Marine x4  
  58  25:56  Marauder  
Show
View Real Time Build Order
Export as new Build Order

Ekelpack Zerg - Winner!

Build Orders: Hatch First 

Get SALT Encoding   

  12  0:00  Drone  
  13  0:12  Overlord  
  13  0:17  Drone  
  14  0:30  Drone  
  14  0:31  Drone  
  14  0:34  Drone  
  17  0:51  Hatchery  
  17  0:54  Drone  
  17  0:56  Extractor  
  16  0:59  Drone  
  17  1:12  Spawning Pool  
  17  1:15  Drone  
  17  1:18  Drone  
  18  1:28  Drone  
  19  1:38  Drone  
  20  1:58  Queen  
  22  2:02  Metabolic Boost  
  22  2:04  Queen  
  22  2:05  Drone  
  25  2:10  Overlord  
  25  2:13  Drone  
  26  2:16  Drone  
  26  2:22  Zergling x2  
  29  2:30  Drone x2  
  30  2:38  Lair  
  30  2:43  Drone  
  31  2:48  Zergling x6  
  34  2:55  Overlord  
  34  3:01  Queen  
  36  3:06  Spine Crawler  
  36  3:08  Zergling x2  
  36  3:17  Zergling x2  
  36  3:18  Zergling x10  
  42  3:30  Zergling x2  
  42  3:32  Zergling x2, Overlord  
  44  3:52  Zergling x2, Extractor  
  44  3:53  Zergling x10  
  49  4:02  Overlord  
  49  4:04  Drone x3  
  52  4:13  Hydralisk Den  
  52  4:14  Drone  
  52  4:25  Overlord  
  52  4:26  Drone  
  52  4:27  Drone x4  
  57  4:33  Drone x3, Extractor  
  57  4:37  Overseer x2  
  59  5:00  Hydralisk x2  
  59  5:01  Hydralisk x2  
  59  5:06  Extractor  
  66  5:19  Grooved Spines  
  66  5:24  Roach Warren  
  66  5:27  Hydralisk  
  66  5:28  Evolution Chamber  
  66  5:30  Overlord, Evolution Chamber  
  65  5:40  Spore Crawler, Drone x2  
  66  5:54  Zerg Missile Weapons Level 1  
  66  6:00  Overlord  
  66  6:09  Roach x2  
  66  6:10  Roach x3  
  76  6:21  Zerg Ground Armor Level 1, Glial Reconstitution  
  76  6:28  Drone x2  
  76  6:29  Drone  
  79  6:43  Roach  
  79  6:44  Overlord, Roach  
  83  6:53  Overlord  
  83  6:58  Drone  
  84  7:01  Muscular Augments  
  84  7:04  Drone  
  84  7:05  Drone  
  86  7:11  Roach x3  
  92  7:28  Drone  
  92  7:29  Drone  
  94  7:31  Overlord  
  94  7:47  Hatchery, Overlord  
  93  7:52  Zerg Missile Weapons Level 2  
  90  8:50  Roach x12  
  90  8:52  Overlord x4, Zerg Ground Armor Level 2  
  114  9:00  Drone  
  114  9:01  Drone x6  
  121  9:09  Overlord x3  
  110  9:30  Drone x9  
  119  9:33  Extractor  
  119  9:34  Extractor  
  117  9:49  Drone x2, Overlord  
  117  9:50  Overlord  
  119  9:56  Roach  
  119  9:57  Roach x4  
  129  10:08  Infestation Pit  
  128  10:29  Roach x9  
  128  10:30  Roach x3  
  128  10:35  Overseer  
  149  10:51  Drone  
  149  10:52  Drone  
  151  11:14  Hydralisk  
  151  11:15  Hydralisk x14  
  181  11:18  Hatchery  
  181  11:22  Hive  
  180  11:34  Overlord x3  
  151  12:50  Roach  
  151  12:51  Roach x19  
  181  12:52  Roach x2  
  191  13:23  Zerg Missile Weapons Level 3  
  191  13:24  Zerg Ground Armor Level 3  
  191  13:28  Hatchery  
  191  13:34  Drone x3  
  182  14:19  Hydralisk x7  
  196  14:29  Unknown  
  108  14:54  Drone, Queen  
  108  14:55  Drone  
  108  14:57  Drone  
  113  15:12  Drone  
  114  15:16  Hatchery  
  113  15:35  Hydralisk  
  113  15:36  Hydralisk x8  
  131  15:54  Hydralisk x5  
  131  15:55  Hydralisk x3  
  147  16:12  Hydralisk x9  
  147  16:13  Hydralisk  
  167  16:56  Zerg Melee Weapons Level 1  
  167  17:04  Hydralisk x7  
  167  17:05  Hydralisk x8  
  197  17:09  Drone x2  
  199  17:19  Overseer  
  199  17:25  Drone  
  200  17:39  Overlord  
  200  17:40  Pneumatized Carapace  
  200  17:46  Neural Parasite  
  168  18:40  Hydralisk  
  168  18:41  Hydralisk x16  
  116  19:15  Hydralisk x10  
  116  19:16  Hydralisk x14  
  122  19:51  Infestor x3  
  122  19:52  Hydralisk  
  128  19:53  Hydralisk x13  
  142  20:19  Overlord  
  142  20:20  Overlord x3  
  136  20:32  Overlord x2  
  136  20:38  Overlord x3  
  136  20:45  Extractor  
  136  20:46  Extractor  
  134  20:56  Hatchery  
  133  20:58  Hydralisk x8  
  133  20:59  Hydralisk x9  
  167  21:16  Drone x3  
  98  22:11  Hydralisk x4  
  98  22:12  Hydralisk x14  
  94  22:35  Hydralisk x2  
  94  22:36  Hydralisk x9  
  114  22:47  Drone x5  
  119  22:53  Drone x3  
  119  22:54  Drone  
  119  22:56  Drone  
  124  23:03  Overseer x3  
  124  23:09  Drone x9  
  124  23:10  Drone x3  
  124  23:11  Extractor  
  135  23:13  Extractor  
  135  23:16  Hydralisk  
  135  23:17  Hydralisk x7  
  150  24:11  Hatchery  
  149  24:21  Adrenal Glands  
  149  24:22  Hydralisk  
  149  24:23  Hydralisk x22  
  159  25:24  Hydralisk x5  
  159  25:25  Hydralisk x20  
  159  25:26  Hydralisk x6  
  171  25:43  Hydralisk  
  171  25:44  Hydralisk x12  
Show
View Real Time Build Order
Export as new Build Order

Nyck Terran - Winner!

Build Orders:  

Get SALT Encoding   

  12  0:00  SCV  
  13  0:12  SCV  
  14  0:17  Supply Depot  
  14  0:24  SCV  
  15  0:38  SCV  
  15  0:40  Barracks  
  16  0:46  Refinery  
  16  0:58  SCV, Barracks  
  17  1:10  SCV  
  18  1:23  SCV  
  19  1:29  Supply Depot  
  19  1:30  Reaper  
  20  1:33  Refinery  
  20  1:38  Orbital Command  
  20  1:47  Barracks Tech Lab  
  20  2:03  Barracks Reactor  
  20  2:09  SCV  
  21  2:18  Marauder  
  21  2:19  Concussive Shells  
  23  2:23  SCV  
  24  2:36  SCV, Command Center  
  25  2:48  SCV  
  25  2:50  Marine  
  25  2:51  Marine, Marauder  
  30  3:02  SCV  
  31  3:11  Combat Shield  
  31  3:17  Supply Depot  
  31  3:32  Barracks  
  31  3:34  Engineering Bay  
  31  3:39  SCV, Marine x2, Marauder  
  36  3:49  Orbital Command  
  36  3:51  SCV  
  37  4:01  Terran Infantry Weapons Level 1  
  37  4:05  SCV, Factory  
  38  4:12  Marauder  
  40  4:17  SCV  
  40  4:22  SCV  
  42  4:25  Refinery  
  42  4:27  Refinery  
  42  4:32  Engineering Bay  
  42  4:35  Stimpack  
  38  4:50  SCV x2  
  40  4:55  Marine  
  40  4:56  Marine, Marauder  
  40  4:58  Barracks Reactor  
  44  5:01  Terran Infantry Armor Level 1  
  44  5:02  SCV x2  
  44  5:03  Starport  
  44  5:05  Widow Mine  
  48  5:14  SCV x2  
  48  5:19  Missile Turret  
  52  5:21  Marine x2, Marauder  
  54  5:31  Factory Reactor  
  54  5:36  SCV x2  
  56  5:48  SCV x2  
  56  6:00  SCV x2  
  58  6:07  Supply Depot  
  58  6:12  SCV x2  
  58  6:14  Medivac  
  62  6:19  Supply Depot  
  62  6:26  Armory  
  62  6:28  SCV x2, Marine x4, Medivac  
  70  6:40  Marine  
  70  6:42  SCV  
  70  6:43  Supply Depot, SCV  
  73  6:50  Command Center, Medivac  
  75  6:55  Supply Depot  
  75  6:58  Medivac  
  77  7:01  SCV  
  77  7:05  SCV, Marauder  
  81  7:11  Supply Depot  
  81  7:14  Marine x2  
  81  7:15  Marine x2  
  85  7:18  Supply Depot  
  85  7:20  Terran Infantry Weapons Level 2, Medivac  
  85  7:21  Terran Infantry Armor Level 2  
  87  7:24  Terran Vehicle And Ship Armor Level 1  
  87  7:26  Marauder  
  87  7:28  Medivac  
  87  7:29  Barracks  
  91  7:36  SCV x2  
  93  7:37  Supply Depot  
  93  7:47  Marine x4  
  93  7:48  SCV x2  
  93  7:49  Marauder  
  101  7:58  Viking x2  
  105  8:00  Supply Depot  
  105  8:06  Starport  
  105  8:17  SCV x2  
  105  8:18  Marine x4  
  105  8:19  Marauder  
  113  8:20  Barracks Reactor  
  113  8:28  Viking x2  
  117  8:39  Marine x2  
  117  8:40  Marine x2  
  123  8:41  Marauder  
  120  9:21  Marine x5  
  120  9:22  Marine  
  120  9:23  Marauder  
  128  9:24  Terran Vehicle And Ship Armor Level 2  
  128  9:28  Starport Reactor  
  128  9:32  Orbital Command  
  128  9:37  SCV x2  
  130  9:40  Marine x5  
  130  9:41  Marine  
  130  9:43  Terran Infantry Armor Level 3, Terran Infantry Weapons Level 3  
  136  9:47  Medivac x2  
  136  9:49  SCV  
  141  10:02  Supply Depot  
  141  10:03  Supply Depot  
  141  10:23  Supply Depot, SCV x3, Marine x4  
  141  10:24  Viking x2  
  141  10:25  Supply Depot  
  141  10:27  Supply Depot  
  152  10:35  SCV x2  
  155  10:45  SCV  
  155  10:46  Marine x5  
  155  10:47  Supply Depot, Marine x2  
  155  10:48  Supply Depot  
  162  10:52  SCV  
  162  10:53  SCV  
  164  11:09  Supply Depot  
  164  11:19  Refinery  
  164  11:22  Refinery  
  164  11:25  Marine x6  
  168  11:26  Marauder  
  172  11:33  Command Center  
  172  11:34  Command Center  
  172  11:41  Command Center  
  172  11:42  Marine  
  153  12:28  Marine  
  153  12:29  Marine x6  
  160  12:36  SCV x3  
  163  12:46  Liberator x3, Marine  
  163  12:47  Planetary Fortress, Liberator, Marine x6  
  182  12:56  Planetary Fortress  
  182  13:00  SCV x2  
  182  13:01  SCV  
  182  13:04  SCV, Marine x2  
  182  13:05  Marine x5  
  193  13:09  Refinery  
  193  13:19  SCV  
  195  13:20  SCV x2  
  195  13:22  Marine x4  
  200  13:30  Orbital Command  
  200  13:33  Refinery  
  200  13:42  Refinery  
  200  14:05  Refinery  
  120  14:33  Viking  
  120  14:34  Viking x3  
  108  15:02  Starport  
  108  15:03  Starport, Viking  
  108  15:04  Viking x3  
  108  15:05  Neosteel Armor  
  116  15:07  Hi-Sec Auto Tracking  
  116  15:08  Terran Vehicle And Ship Armor Level 3  
  116  15:09  Marine x4  
  116  15:10  Marine x3  
  123  15:22  SCV  
  124  15:33  Viking  
  124  15:34  Viking x3  
  124  15:35  Marine x7  
  133  15:39  Starport Reactor  
  133  15:42  Starport  
  139  15:49  Starport Reactor  
  139  15:52  Marine  
  139  15:53  Marine x2  
  139  15:55  Marine x4  
  146  16:03  Viking  
  136  16:04  Viking x3  
  148  16:07  Refinery  
  154  16:19  Viking x2  
  158  16:32  Marine x3  
  160  16:33  Marine x4  
  160  16:35  Viking x4  
  160  16:36  Viking x2  
  177  17:00  Viking x2  
  181  17:12  Starport Reactor  
  181  17:22  Refinery  
  181  17:26  Viking x4  
  181  17:27  Viking x2  
  193  17:36  Command Center  
  193  17:39  Marine x4  
  193  17:40  Marine x3  
  200  17:49  Terran Ship Weapons Level 1  
  113  19:12  Viking  
  113  19:13  Viking x6  
  113  19:15  Marine x2, Viking  
  113  19:16  Marine x5  
  122  19:22  Viking x2  
  106  19:33  Marine x7  
  113  19:44  Terran Ship Weapons Level 2  
  113  19:50  Medivac x2  
  113  19:51  Marine x7  
  126  19:54  Viking x2  
  126  19:55  Viking x2  
  126  19:56  Viking x2  
  126  19:57  Viking x2  
  137  20:08  Marine  
  137  20:09  Marine x2  
  124  20:31  Command Center  
  124  20:41  Refinery  
  124  20:45  Planetary Fortress  
  124  20:59  Viking  
  126  21:19  Viking x3  
  126  21:20  Viking  
  119  22:19  Viking x2  
  119  22:20  Viking x5  
  119  22:21  Viking x3  
  119  22:22  Marine  
  138  22:23  Marine x4  
  138  22:24  Marine x2  
  145  22:37  Refinery  
  145  22:41  Terran Ship Weapons Level 3  
  145  22:42  Marine  
  145  22:43  Marine x6  
  152  22:49  Viking x3  
  152  22:50  Viking x4  
  166  23:06  Viking x2  
  166  23:08  Viking  
  166  23:11  Orbital Command  
  172  23:16  Marine  
  172  23:17  Marine x6  
  172  23:19  Viking  
  181  23:29  Viking x4  
  181  23:30  Viking  
  191  23:34  Marine x2  
  193  23:51  Viking  
  193  23:52  Viking x2  
  199  24:13  Command Center  
  199  24:53  Command Center  
  180  25:31  Viking x10  
  188  25:39  Planetary Fortress  
  188  25:49  Marine x4  
  189  25:50  Marine x3  
Tags
 
Add a new tag
Caveats
  • Supply blocks, unpowered buildings, or Contaminate may cause inaccurate times.
  • Supply counts are checked every 10 seconds.